 Dungeon Crawl Stone Soup version 0.30-a0-622-gddc90eaa04 (webtiles) character file.

Game seed: 13323837295707859418

112 IdlyInterested the Chopper (level 4, 0/35 HPs)
             Began as a Demonspawn Gladiator on Jan 10, 2023.
             Killed by nerve-wracking pain
             ... invoked by Grinder
              (4 damage)
             ... while paralysed by Grinder
             ... on level 3 of the Dungeon.
             The game lasted 00:07:14 (2031 turns).

IdlyInterested the Chopper (Demonspawn Gladiator)   Turns: 2031, Time: 00:07:15

Health: 0/35       AC: 10    Str: 16    XL:     4   Next: 63%
Magic:  4/4        EV:  2    Int: 10    God:
Gold:   51         SH:  0    Dex: 18    Spells: 3/3 levels left

rFire   . . .      SeeInvis .    a - +0 war axe
rCold   . . .      Faith    .    (no shield)
rNeg    . . .      Spirit   .    m - +0 chain mail
rPois   .          Reflect  .    c - +0 helmet
rElec   .          Harm     .    (no cloak)
rCorr   .          Rampage  .    n - +0 pair of gloves
Will    .....                    (no boots)
Stlth   +                        (no amulet)
HPRegen 0.25/turn                (no ring)
MPRegen 0.09/turn                (no ring)

@: paralysed, invisible
A: thin skeletal structure 2, demonic guardian 1
a: no special abilities


You were on level 3 of the Dungeon.
You visited 1 branch of the dungeon, and saw 3 of its levels.

You collected 148 gold pieces.
You spent 97 gold pieces at shops.

Inventory:

Hand Weapons
 a - a +0 war axe (weapon)
Missiles
 d - 3 throwing nets
 e - a javelin
 k - 13 stones (quivered)
Armour
 b - a +0 leather armour
 c - a +0 helmet (worn)
 f - a +0 scale mail
 g - a +1 ring mail
 m - a +0 chain mail (worn)
 n - a +0 pair of gloves (worn)
Scrolls
 h - a scroll of fog
 i - a scroll of brand weapon {unknown}
 l - a scroll of blinking
 p - a scroll of enchant weapon
 r - a scroll of butterflies {unknown}
Potions
 j - a potion of brilliance
 s - a potion of mutation {unknown}


   Skills:
 * Level 3.1 Fighting
 + Level 4.0 Axes
 - Level 1.7 Throwing
 - Level 1.0 Armour
 - Level 2.6 Dodging
 * Level 1.1 Stealth


You had 3 spell levels left.
You didn't know any spells.
Your spell library contained the following spells:

 Spells                   Type           Power      Damage    Failure   Level
 Freeze                   Ice            0%         1d3       100%        1
 Frozen Ramparts          Ice            0%         1d1       100%        3
 Hailstorm                Conj/Ice       0%         3d3       100%        3
 Stone Arrow              Conj/Erth      0%         3d7       100%        3
 Vhi's Electric Charge    Tloc/Air       0%         N/A       100%        3
 Arcjolt                  Conj/Air       0%         1d10      100%        5
 Silence                  Hex/Air        0%         N/A       100%        5
 Maxwell's Capacitive Co  Air            0%         ∞         100%        8


Dungeon Overview and Level Annotations

Branches:
Dungeon (3/15)

Altars:

Shops:
D:2 ?!

Annotations:
D:3 Grinder


Innate Abilities, Weirdness & Mutations

You have a moderately thin skeletal structure. (Dex +4, Stealth++)
A weak demonic guardian rushes to your aid.


Message History

You shrug off the repeated paralysis!
Grinder gestures at you.
You shrug off the repeated paralysis!
Grinder says, "DUCK!"
You can move again.
Unknown command.
Grinder grins, showing sharp teeth.
You closely miss Grinder. You hit the giant cockroach.
The giant cockroach bites you but does no damage.
Grinder gestures at you. Pain shoots through your body!
The giant cockroach barely misses you. Grinder hits you!
A demonic guardian appears!
You writhe in agony.
You slash the giant cockroach!
You kill the giant cockroach!
You barely miss Grinder.
Your ufetubus closely misses Grinder. x2
Grinder hits you but does no damage.
You slash Grinder!
Grinder is moderately wounded.
Your ufetubus closely misses Grinder.
Your ufetubus barely misses Grinder. x2
Your ufetubus hits Grinder but does no damage.
Grinder closely misses your ufetubus.
You hit Grinder but do no damage.
Grinder is moderately wounded.
Your ufetubus hits Grinder.
Your ufetubus barely misses Grinder.
Grinder barely misses you.
Your ufetubus hits Grinder. x2
Grinder gestures at you. Pain shoots through your body!
* * * LOW HITPOINT WARNING * * *
You fade into invisibility!
Your ufetubus hits Grinder but does no damage.
Your ufetubus barely misses Grinder.
Your ufetubus hits Grinder. x2
Grinder gestures at your ufetubus.
Your ufetubus suddenly stops moving!
You hit Grinder.
Grinder is heavily wounded.
Grinder gestures at you.
You suddenly lose the ability to move!
Grinder gestures at you. Pain shoots through your body!
You die...

#... ## #..# .. #
....# # #.###.
..... ..###..#.##
#...... #.#.......
#..###. #.#......#
#.. #. #....#.#5##
#......5@.#
.#####.##.#.#..#
.......##......#
#....#.##.#
########.####.# .#
#.......§# #.. ..
.........#####.#...
#....>.....## .....
#......†.#..#
..#..#


You could see Grinder (unable to see you, ally target) and a friendly ufetubus
(summoned, paralysed).

Vanquished Creatures
  Jessica (D:2)
  4 adders (D:2)
  A worm (D:3)
  A dart slug (D:2)
  4 ball pythons
  3 endoplasms
  2 giant cockroaches
  6 goblins (D:1)
  2 hobgoblins
  3 jackals (D:1)
  3 quokkas (D:2)
  2 bats
  5 frilled lizards
  5 kobolds
  2 rats
44 creatures vanquished.

Notes
Turn   | Place    | Note
-------+----------+-------------------------------------------
     0 | D:1      | IdlyInterested the Demonspawn Gladiator began the quest for
                  | the Orb.
     0 | D:1      | Reached XP level 1. HP: 16/16 MP: 1/1
   133 | D:1      | Got the Spellbook of Brilliant Astrapomancy
   253 | D:1      | Reached skill level 3 in Axes
   253 | D:1      | Gained mutation: You have a somewhat thin skeletal
                  | structure. (Dex +2, Stealth+) [demonic ancestry]
   253 | D:1      | Reached XP level 2. HP: 22/22 MP: 2/2
   390 | D:1      | Reached skill level 1 in Stealth
   875 | D:2      | Found Xasoobb's Magic Scroll Emporium.
   881 | D:2      | Gained mutation: You have a moderately thin skeletal
                  | structure. (Dex +4, Stealth++) [demonic ancestry]
   881 | D:2      | Reached XP level 3. HP: 28/28 MP: 3/3
  1116 | D:2      | Found Lyxar's Distillery.
  1364 | D:2      | Noticed Jessica
  1369 | D:2      | Killed Jessica
  1370 | D:2      | Reached skill level 1 in Armour
  1370 | D:2      | Gained mutation: A weak demonic guardian rushes to your
                  | aid. [demonic ancestry]
  1370 | D:2      | Reached XP level 4. HP: 35/35 MP: 4/4
  1813 | D:2      | Bought a scroll of enchant weapon for 97 gold pieces
  2003 | D:3      | Reached skill level 4 in Axes
  2018 | D:3      | Noticed Grinder
  2019 | D:3      | Paralysed by Grinder for 5 turns
  2030 | D:3      | Paralysed by Grinder for 3 turns
  2031 | D:3      | Killed from afar by Grinder

Illustrated notes

Levels and vault maps discovered:
D:1:      matt_arrival_refuge, layout_loops_ring, columned_hall_lemuel
D:2:      layout_loops_corners, serial_shops, nicolae_square_shop, shop,
          minmay_distorted, uniq_jessica
D:3:      layout_loops_ring, gammafunk_ghost_stat_death, minmay_misc_feat_x,
          uniq_grinder

Skill      XL: |  1  2  3  4 |
---------------+-------------+-----
Axes           | 3 4 |  4.0
Stealth        | 1 |  1.1
Fighting       | 3 |  3.1
Armour         | 1 |  1.0
Throwing       | |  1.7
Dodging        | |  2.6

Action                   |  1- 3 |  4- 6 || total
-------------------------+-------+-------++-------
Melee: War axe           |    94 |    26 ||   120
       Punch             |     1 |       ||     1
  Use: Scroll            |     5 |     1 ||     6
       Potion            |     1 |     1 ||     2
 Stab: Sleeping          |     4 |       ||     4
       Distracted        |       |     1 ||     1
Armor: Ring mail         |    21 |       ||    21
       Leather armour    |     2 |       ||     2
       Scale mail        |     3 |       ||     3
       Chain mail        |    23 |    16 ||    39
Dodge: Dodged            |    61 |    12 ||    73

Table legend: (Time is in decaauts)
 A = Elapsed time spent in this place.
 B = Non-inter-level travel time spent in this place.
 C = Inter-level travel time spent in this place.
 D = Time resting spent in this place.
 E = Time spent auto-exploring this place.
 F = Levels seen in this place.
 G = Mean time per level.
                   A        B        C        D        E       F      G
               +--------+--------+--------+--------+--------+-----+--------+
         Total |   2071 |   1721 |    350 |     77 |   1075 |   3 |  690.3 |
       Dungeon |   2071 |   1721 |    350 |     77 |   1075 |   3 |  690.3 |
               +--------+--------+--------+--------+--------+-----+--------+

Top non-repeatable levels by time:
     D:2: 1200 daAuts
     D:1: 791 daAuts
     D:3: 79 daAuts
